 Dungeon Crawl Stone Soup version 0.28.0-45-g0d030f2227 (webtiles) character file.

Game seed: 13159474091913815343

130 Revguard the Skirmisher (level 5, -1/53 HPs)
             Began as an Ogre Gladiator on Apr 18, 2022.
             Slain by Ijyb
             ... wielding a +0 club
              (3 damage)
             ... on level 3 of the Dungeon.
             The game lasted 00:05:13 (2869 turns).

Revguard the Skirmisher (Ogre Gladiator)            Turns: 2869, Time: 00:05:13

Health: -1/53      AC:  3    Str: 19 (20) XL:     5   Next: 14%
Magic:  7/7        EV: 10    Int: 11      God:
Gold:   65         SH:  0    Dex: 14      Spells: 7/7 levels left

rFire   + . .      SeeInvis .   k - +3 hand axe
rCold   + . .      Faith    .   (no shield)
rNeg    . . .      Spirit   .   b - +1 robe
rPois   +          Reflect  .   c - +0 hat
rElec   +          Harm     .   (no cloak)
rCorr   +          Rampage  .   (gloves unavailable)
Will    .....                   (boots unavailable)
Stlth   +.........              (no amulet)
HPRegen 0.17/turn               (no ring)
MPRegen 0.10/turn               (no ring)

@: mighty, resistant
A: large, unfitting armour, tough skin 1, agile 2, deformed body, strong 1
a: no special abilities


You were on level 3 of the Dungeon.
You visited 1 branch of the dungeon, and saw 3 of its levels.

You collected 111 gold pieces.
You spent 46 gold pieces at shops.

Inventory:

Hand Weapons
 a - a +0 war axe
 k - a +3 hand axe (weapon)
Missiles
 d - 3 throwing nets (quivered)
 f - 4 javelins
Armour
 b - a +1 robe (worn)
 c - a +0 hat (worn)
Scrolls
 g - a scroll of teleportation
Potions
 h - a potion of curing
 i - a potion of mutation


   Skills:
 + Level 3.4 Fighting
 + Level 3.4 Axes
 - Level 2.0 Throwing
 * Level 2.0 Armour
 + Level 3.1 Dodging
 + Level 1.5 Spellcasting
 + Level 1.3 Fire Magic


You had 7 spell levels left.
You didn't know any spells.
Your spell library was empty.

Dungeon Overview and Level Annotations

Branches:
Dungeon (3/15)

Altars:

Shops:
D:2 *

Annotations:
D:3 Grinder, Ijyb, Pargi


Innate Abilities, Weirdness & Mutations

You are too large for most types of armour.
You have tough skin. (AC +1)
You are very agile. (Dex +4)
Armour fits poorly on your strangely shaped body.
Your muscles are strong. (Str +2)


Message History

You feel protected.
The kobold hits you with a +0 short sword.
Pargi looks very sad for a moment.
Okay, then.
You hit the kobold.
You kill the kobold!
Grinder blinks!
Ijyb zaps a wand.
The mass of ice explodes!
The iceblast engulfs you! You partially resist.
Grinder blinks!
Ijyb hits you but does no damage.
Items here: ( ) ††.
You barely miss Ijyb. Ijyb closely misses you.
You hit Ijyb.
Ijyb is moderately wounded.
Ijyb hits you with a +0 club.
You hit Ijyb.
Ijyb is heavily wounded.
Ijyb hits you with a +0 club. Ijyb closely misses you.
You completely miss Ijyb.
Ijyb is heavily wounded.
Ijyb hits you with a +0 club.
* * * LOW HITPOINT WARNING * * *
You closely miss Ijyb.
Ijyb is heavily wounded.
Ijyb hits you but does no damage.
You barely miss Ijyb.
Ijyb is heavily wounded.
Ijyb hits you with a +0 club.
* * * LOW HITPOINT WARNING * * *
You hit Ijyb.
Ijyb is heavily wounded.
Ijyb hits you with a +0 club.
* * * LOW HITPOINT WARNING * * *
You barely miss Ijyb.
Ijyb is heavily wounded.
Ijyb hits you with a +0 club.
* * * LOW HITPOINT WARNING * * *
You hit Ijyb but do no damage.
Ijyb is heavily wounded.
Ijyb hits you with a +0 club.
You die...

.....# ....# ...# ..#
#.#
#######.########...###
#......T5.....#......###
#....##g####.##........#
#.. #@#.. #.......... #
#.#.# ##.......... #.#.#
#.....#.....
#.#####.#.###..........#
#.......#..............#
#####......###.....)[)##
#......# ###...)..#.
+......+ ###...##.
#......# ###....


You could see Grinder, Pargi and Ijyb.

Vanquished Creatures
  An orc priest (D:3)
  4 adders
  2 worms
  7 orcs
  5 ball pythons
  6 bats
  2 endoplasms
  A giant cockroach (D:1)
  4 goblins (D:1)
  6 hobgoblins
  3 quokkas
  4 frilled lizards
  5 kobolds
  4 rats
54 creatures vanquished.

Vanquished Creatures (others)
  3 fungi (D:2)
  A plant (D:2)
4 creatures vanquished.

Grand Total: 58 creatures vanquished

Notes
Turn   | Place    | Note
-------+----------+-------------------------------------------
     0 | D:1      | Revguard the Ogre Gladiator began the quest for the Orb.
     0 | D:1      | Reached XP level 1. HP: 22/22 MP: 1/1
    92 | D:1      | Reached XP level 2. HP: 23/29 MP: 2/2
   412 | D:1      | Reached skill level 1 in Armour
   584 | D:1      | Reached XP level 3. HP: 27/36 MP: 4/4
   969 | D:2      | Found Muiq's Assorted Antiques.
   981 | D:2      | Bought a fuming red potion for 23 gold pieces
   981 | D:2      | Bought a bubbling green potion for 23 gold pieces
   985 | D:2      | Gained mutation: You have hidden genetic potential. [potion
                  | of mutation]
   985 | D:2      | Gained mutation: You are agile. (Dex +2) [potion of
                  | mutation]
   985 | D:2      | Gained mutation: Armour fits poorly on your strangely
                  | shaped body. [potion of mutation]
  1014 | D:2      | Reached skill level 1 in Spellcasting
  1505 | D:2      | Found a faded altar of an unknown god.
  1622 | D:2      | Reached XP level 4. HP: 41/45 MP: 5/5
  1646 | D:2      | Gained mutation: Your muscles are strong. (Str +2) [hidden
                  | potential]
  2155 | D:3      | Reached skill level 1 in Fire Magic
  2615 | D:3      | Reached XP level 5. HP: 39/53 MP: 7/7
  2628 | D:3      | Gained mutation: You are very agile. (Dex +4) [hidden
                  | potential]
  2628 | D:3      | Lost mutation: You have hidden genetic potential. [hidden
                  | potential expressed]
  2844 | D:3      | Noticed Grinder
  2846 | D:3      | Paralysed by Grinder for 5 turns
  2848 | D:3      | Noticed Ijyb
  2851 | D:3      | Noticed Pargi
  2868 | D:3      | HP: 2/53 [Ijyb/+0 club (3)]
  2869 | D:3      | Slain by Ijyb

Illustrated notes

Levels and vault maps discovered:
D:1:      giann_wishing_wells, layout_rooms
D:2:      layout_basic, dreamdust_ecumenical_altar_grove, serial_shops,
          nicolae_lakefront_shop, minmay_domino_4
D:3:      minmay_skewed_foursquare, layout_basic, serial_shops,
          nicolae_shop_advertising_works [nicolae_subvault_shop_adworks],
          uniq_natasha, uniq_grinder, uniq_ijyb, uniq_pargi

Skill      XL: |  1  2  3  4  5 |
---------------+----------------+-----
Armour         | 1 2 |  2.0
Fighting       | 3 |  3.4
Spellcasting   | 1 |  1.5
Dodging        | 3 |  3.1
Fire Magic     | 1 |  1.3
Axes           | |  3.4
Throwing       | |  2.0

Action                   |  1- 3 |  4- 6 || total
-------------------------+-------+-------++-------
Melee: War axe           |   104 |    44 ||   148
       Punch             |     1 |     2 ||     3
       Hand axe          |       |    15 ||    15
  Use: Potion            |     6 |     2 ||     8
       Scroll            |     3 |     1 ||     4
Armor: Robe              |    54 |    19 ||    73
Dodge: Dodged            |    99 |    30 ||   129
